 Dungeon Crawl Stone Soup version 0.23-a0-419-g0174fd8 (webtiles) character file.

85 chorionicmirror the Skirmisher (level 4, -1/31 HPs)
             Began as a Demonspawn Monk on Nov 12, 2018.
             Was a Follower of Okawaru.
             Slain by Grinder (5 damage)
             ... while paralysed by Grinder
             ... on level 3 of the Dungeon.
             The game lasted 00:07:39 (1455 turns).

chorionicmirror the Skirmisher (Demonspawn Monk)    Turns: 1455, Time: 00:07:41

Health: -1/31      AC: 11    Str: 12    XL:     4   Next: 25%
Magic:  3/4        EV:  2    Int: 12    God:    Okawaru [*.....]
Gold:   132        SH:  0    Dex: 15    Spells: 3/3 levels left

rFire    . . .     SeeInvis .   a - +0 falchion
rCold    . . .     Gourm    .   (no shield)
rNeg     . . .     Faith    .   l - +0 chain mail
rPois    .         Spirit   .   (helmet restricted)
rElec    .         Reflect  .   (no cloak)
rCorr    .         Harm     .   (no gloves)
MR       +....                  q - +0 pair of boots
Stlth    ..........             (no amulet)
HPRegen  0.10/turn              h - +2 ring of protection
MPRegen  0.09/turn              o - +1 ring of evasion

@: paralysed
A: hooves 1, horns 1, frail 1, magic resistance 1, powered by pain 1
a: Heroism, Renounce Religion


You were on level 3 of the Dungeon.
You worshipped Okawaru.
Okawaru was aware of your devotion.
You were not hungry.

You visited 1 branch of the dungeon, and saw 3 of its levels.

You collected 132 gold pieces.

Inventory:

Hand Weapons
 a - a +0 falchion (weapon)
Missiles
 j - 2 throwing nets (quivered)
Armour
 l - a +0 chain mail (worn)
 q - a +0 pair of boots (worn)
Jewellery
 h - a +2 ring of protection (left hand)
 o - a +1 ring of evasion (right hand)
Wands
 n - a wand of disintegration (8)
Scrolls
 b - a scroll of enchant weapon {unknown}
 e - a scroll of remove curse
 f - 2 scrolls of enchant armour {unknown}
 g - a scroll of magic mapping
 m - a scroll of teleportation
 p - 3 scrolls of identify {unknown}
 r - a scroll of fear {unknown}
Potions
 i - a potion of mutation
Comestibles
 c - 7 rations
 d - 6 chunks of flesh


   Skills:
 + Level 3.5 Fighting
 + Level 3.2 Long Blades
 + Level 1.0 Throwing
 + Level 1.3 Armour
 - Level 3.0 Dodging
 - Level 2.0 Stealth
 + Level 0.4 Invocations
 + Level 0.3 Evocations


You had 3 spell levels left.
You didn't know any spells.
Your spell library contained the following spells:

 Spells                   Type           Power        Failure   Level  Hunger
 Magic Dart               Conj           #...         100%        1    ##.....
 Blink                    Tloc           N/A          100%        2    ###....
 Call Imp                 Summ           #.......     100%        2    ###....
 Slow                     Hex            #.......     100%        2    ###....
 Conjure Flame            Conj/Fire      #.......     100%        3    ####...
 Mephitic Cloud           Conj/Pois/Air  #.......     100%        3    ####...


Dungeon Overview and Level Annotations

Branches:
Dungeon (3/15)

Altars:
Okawaru

Annotations:
D:3 Grinder


Innate Abilities, Weirdness & Mutations

You have large cloven feet.
You sometimes gain a little power by taking damage.
You have a pair of small horns on your head.
You are frail. (-10% HP)
You are resistant to hostile enchantments. (MR+)


Message History

You barely miss Grinder.
Grinder is almost dead.
Grinder hits you but does no damage.
You hit Grinder.
Grinder is almost dead.
Grinder hits you.
* * * LOW HITPOINT WARNING * * *
Grinder blinks!
You closely miss Grinder.
Grinder is almost dead.
Grinder gestures at you.
You suddenly lose the ability to move!
You feel less wooden.
Your +0 pair of boots unmelds from your body.
Your +0 chain mail unmelds from your body.
Grinder hits you but does no damage.
Some of the chunks of flesh in your inventory have rotted away.
Grinder hits you but does no damage. Grinder hits you.
You die...

###### .....#
#..#.#
..####....#
........###.#
. #
#..........
#..#.#..5#.#
#......@.#.#
##.........#
#.###.#'###
#.###....##
#.........##
####...)...##
#......<..#
+.........+
#.........#


You could see Grinder.

Vanquished Creatures
  2 adders (D:2)
  An ooze (D:2)
  4 worms (D:2)
  3 dart slugs
  3 leopard geckos
  7 goblins
  7 hobgoblins
  2 kobolds (D:1)
  A ball python (D:1)
  4 bats
  7 frilled lizards
  5 rats
46 creatures vanquished.

Notes
Turn   | Place    | Note
-------+----------+-------------------------------------------
     0 | D:1      | chorionicmirror the Demonspawn Monk began the quest for the
                  | Orb.
     0 | D:1      | Reached XP level 1. HP: 18/18 MP: 1/1
   165 | D:1      | Gained mutation: You have large cloven feet. [demonic
                  | ancestry]
   165 | D:1      | Reached XP level 2. HP: 21/24 MP: 2/2
   694 | D:1      | Gained mutation: You sometimes gain a little power by
                  | taking damage. [demonic ancestry]
   694 | D:1      | Reached XP level 3. HP: 22/29 MP: 3/3
   727 | D:2      | Reached skill level 1 in Armour
  1051 | D:2      | Reached XP level 4. HP: 28/35 MP: 4/4
  1074 | D:2      | Reached skill level 1 in Throwing
  1113 | D:2      | Found an iron altar of Okawaru.
  1120 | D:2      | Became a worshipper of Warmaster Okawaru
  1120 | D:2      | Reached * piety under Okawaru
  1120 | D:2      | Reached ** piety under Okawaru
  1417 | D:3      | Noticed Grinder
  1423 | D:3      | Paralysed by Grinder for 3 turns
  1431 | D:3      | Gained mutation: You are frail. (-10% HP) [potion of
                  | mutation]
  1431 | D:3      | Gained mutation: You are resistant to hostile enchantments.
                  | (MR+) [potion of mutation]
  1431 | D:3      | Gained mutation: You have a pair of small horns on your
                  | head. [potion of mutation]
  1452 | D:3      | Paralysed by Grinder for 5 turns
  1455 | D:3      | Slain by Grinder

Vault maps used:
D:1:      lemuel_arrival_cross, minmay_strange_pillars
D:2:      lemuel_crystal_altar, first_ration
D:3:      lemuel_coloured_pillars_altar, tso_metal_star,
          nemelex_dance_club_becter, uniq_sigmund, uniq_grinder

Skill      XL: |  1  2  3  4 |
---------------+-------------+-----
Stealth        | 2 |  2.0
Dodging        | 3 |  3.0
Long Blades    | 3 |  3.2
Armour         | 1 |  1.3
Throwing       | 1 |  1.0
Fighting       | |  3.5
Invocations    | |  0.4
Evocations     | |  0.3

Action                   |  1- 3 |  4- 6 || total
-------------------------+-------+-------++-------
Melee: Falchion          |    79 |    55 ||   134
       Kick              |    19 |     3 ||    22
Invok: Heroism           |       |     2 ||     2
  Use: Scroll            |     3 |       ||     3
       Potion            |       |     2 ||     2
 Stab: Sleeping          |     7 |       ||     7
  Eat: Chunk             |     1 |     1 ||     2
Armor: Robe              |     5 |       ||     5
       Chain mail        |     8 |    18 ||    26
       Skin              |       |    11 ||    11
Dodge: Dodged            |    36 |    15 ||    51
       Rpst.: Falchion   |    14 |     3 ||    17

Table legend:
 A = Non-vault XP
 B = Vault XP
 C = Vault XP percentage of total XP
 D = Non-vault monster count
 E = Vault monster count
 F = Vault count percentage of total count
                 A         B        C        D         E       F
            +---------+---------+-------+---------+---------+-------
      Total |     122 |       0 |   0.0 |      46 |       0 |   0.0
            +---------+---------+-------+---------+---------+-------
        D:1 |      41 |       0 |   0.0 |      22 |       0 |   0.0
        D:2 |      80 |       0 |   0.0 |      23 |       0 |   0.0
        D:3 |       1 |       0 |   0.0 |       1 |       0 |   0.0
            +---------+---------+-------+---------+---------+-------
